AoeStats
← TENTFS_JuanGar

Fortress

508554561Analyzed
4v4 RM · 11d ago on Sep 23, 2026· 48m 38s· 8 players
Game mode
Random Map
Map size
Huge
Population
200
Speed
Normal
Resources
Standard
Victory
Conquest
Starting age
Dark Age
Ending age
Imperial Age
RankedLock teamsTeams togetherTeam positionsShared explorationLock speedFull tech treeHidden civsTurbo modeCheats
Victory
Defeat
🇦🇷 Mongols · Argentina
1404
+13
🇺🇸 Ethiopians · United States
1377
+15
🇺🇸 Mapuche · United States
1373
+15
🇦🇺 Danes · Australia
1344
+16
🇲🇽 Varangians · Mexico
1459
-20
🇲🇽 Saxons · Mexico
1355
-15
🇲🇽 Khmer · Mexico
1283
-12
🇲🇽 Celts · Mexico
1283
-12
ObelusCipher
7:34 Feudal Age
11:27 Castle Age
9:40 Double-Bit Axe
10:53 Horse Collar
13:06 Loom
14:14 Wheelbarrow
17:58 Loom
20:11 Heavy Plow
20:31 Hand Cart
20:51 Gold Mining
25:31 Imperial Age
23:43 Scale Mail Armor
24:39 Bow Saw
24:58 Arson
26:08 Forging
26:14 Chain Mail Armor
26:25 Elite Jomsviking
26:54 Hamask
27:49 Heavy Scorpion
29:29 Iron Casting
29:09 Stone Mining
29:45 Northmen's Fury
31:24 Ballistics
32:06 Chemistry
33:32 Onager
35:31 Blast Furnace
35:01 Plate Mail Armor
39:32 Caravan
41:00 Pikeman
42:08 Capped Ram
42:56 Capped Ram
43:53 Siege Ram
46:04 Siege Engineers
46:11 Masonry
47:39 Halberdier
johnnyboy
7:18 Feudal Age
11:06 Castle Age
9:26 Double-Bit Axe
10:37 Horse Collar
12:30 Loom
16:49 Loom
19:42 Forging
19:28 Fletching
27:04 Wheelbarrow
26:19 Town Watch
30:32 Bow Saw
30:27 Heavy Plow
30:26 Gold Mining
32:08 Bodkin Arrow
32:59 Padded Archer Armor
34:01 Heavy Plow
34:16 Malon
38:35 Imperial Age
36:24 Hand Cart
37:16 Leather Archer Armor
39:34 Ballistics
38:40 Elite Bolas Rider
39:59 Conscription
40:11 Butalmapu
42:08 Ring Archer Armor
42:27 Gold Shaft Mining
41:43 Stone Mining
43:52 Chemistry
43:05 Masonry
MarioLogan
9:33 Feudal Age
10:18 Double-Bit Axe
10:31 Horse Collar
12:59 Castle Age
14:50 Wheelbarrow
17:48 Bow Saw
26:29 Imperial Age
25:09 Hand Cart
24:49 Gold Mining
24:55 Loom
24:56 Town Watch
26:30 Ballistics
28:21 Two-Man Saw
28:24 Chemistry
27:47 Conscription
27:42 Fortified Wall
27:32 Halberdier
28:13 Torsion Engines
28:26 Forging
29:04 Gold Shaft Mining
28:20 Stone Mining
28:32 Heavy Plow
29:26 Squires
30:03 Iron Casting
29:28 Scale Mail Armor
31:01 Guilds
32:02 Chain Mail Armor
32:48 Blast Furnace
32:30 Heavy Scorpion
34:17 Plate Mail Armor
34:50 Fletching
40:05 Stone Shaft Mining
39:42 Bodkin Arrow
Caconero
6:47 Feudal Age
7:14 Feudal Age
11:07 Castle Age
9:09 Double-Bit Axe
10:01 Gold Mining
9:56 Horse Collar
11:13 Fletching
12:07 Bow Saw
16:46 Fletching
17:23 Bodkin Arrow
17:57 Padded Archer Armor
20:38 Wheelbarrow
20:44 Leather Archer Armor
22:07 Husbandry
22:24 Stone Mining
23:40 Bloodlines
24:35 Gold Shaft Mining
25:46 Ballistics
28:56 Imperial Age
28:33 Hand Cart
28:04 Town Watch
28:05 Loom
29:08 Stone Shaft Mining
29:32 Thumb Ring
30:09 Conscription
29:51 Bracer
31:50 Chemistry
31:43 Elite Mangudai
33:09 Caravan
34:01 Parthian Tactics
35:51 Coinage
38:00 Banking
utenrreyra
7:17 Feudal Age
11:15 Castle Age
10:05 Double-Bit Axe
10:33 Horse Collar
13:10 Loom
15:03 Bow Saw
25:44 Imperial Age
23:58 Gold Mining
25:25 Arson
25:41 Squires
25:26 Gambesons
25:43 Scale Mail Armor
25:54 Forging
26:28 Wheelbarrow
26:53 Conscription
26:59 Elite Varangian Guard
27:57 Chain Mail Armor
29:24 Plate Mail Armor
29:32 Iron Casting
29:44 Gold Shaft Mining
29:53 Hand Cart
29:25 Town Watch
32:50 Heavy Plow
37:26 Chemistry
38:18 Pikeman
38:51 Fletching
39:09 Siege Engineers
39:25 Ballistics
39:02 Stone Mining
39:05 Halberdier
41:36 Guilds
43:04 Shield Wall
44:52 Fortified Wall
44:37 Murder Holes
44:23 Treadmill Crane
44:53 Masonry
45:40 Scale Barding Armor
45:30 Bodkin Arrow
45:00 Capped Ram
46:39 Husbandry
46:50 Bloodlines
46:00 Light Cavalry
46:31 Cavalier
46:50 Hussar
49:01 Two-Man Saw
48:34 Crop Rotation
48:47 Chain Barding Armor
48:28 Bracer
Srta Nesbit
8:30 Feudal Age
12:17 Castle Age
10:22 Double-Bit Axe
11:20 Horse Collar
14:34 Bloodlines
16:07 Scale Barding Armor
16:15 Forging
20:42 Heavy Plow
21:07 Chain Barding Armor
22:10 Gold Mining
23:20 Wheelbarrow
30:17 Gold Shaft Mining
32:35 Imperial Age
30:39 Fletching
30:52 Husbandry
30:53 Stone Mining
31:50 Loom
32:21 Hand Cart
32:44 Iron Casting
32:08 Light Cavalry
33:02 Cavalier
35:06 Plate Barding Armor
35:14 Stone Shaft Mining
36:19 Bow Saw
38:13 Hussar
41:56 Conscription
TENTFS_JuanGar
4:49 Loom
7:22 Feudal Age
11:32 Castle Age
10:08 Double-Bit Axe
10:59 Gold Mining
12:48 Bow Saw
32:49 Horse Collar
36:32 Wheelbarrow
DiegoAzul10
8:41 Feudal Age
12:21 Castle Age
10:18 Horse Collar
10:41 Double-Bit Axe
13:42 Heavy Plow
18:35 Wheelbarrow
17:48 Town Watch
18:55 Bow Saw
21:07 Hand Cart
21:01 Gold Mining
21:46 Stone Mining
23:03 Scale Barding Armor
23:08 Forging
26:06 Imperial Age
24:18 Stone Shaft Mining
24:14 Coinage
24:08 Chain Barding Armor
24:58 Bloodlines
24:48 Husbandry
25:26 Iron Casting
24:45 Vendel Legacy
27:22 Conscription
26:30 Elite Jarl
27:56 Plate Barding Armor
28:21 Blast Furnace
27:17 Treadmill Crane
27:48 Masonry
28:42 Loom
30:03 Ballistics
30:15 Architecture
29:38 Fletching
31:40 Two-Man Saw
33:49 Crop Rotation
34:50 Chemistry
33:56 Siege Engineers
33:51 Bodkin Arrow
34:55 Coinage
37:06 Banking
39:16 Town Patrol
39:32 Bracer
43:31 Murder Holes
43:46 Fortified Wall
Connection lost

Rejoining the realm…

Still unreachable

The connection could not be restored.

Session expired

The server has moved on; the page needs a fresh start.